Map: Romanticide LE

Players

Clem - Winner!

  • Race: Terran Terran

MarineLorD

  • Race: Terran Terran
  • League: Master

Event: DreamHack SC2 Masters 2021 Winter

VOD

Have the link to the VOD?

Description

Time

  • Played on: Oct. 10, 2021, 1:47 p.m.
  • Length: 17:08

All games in this series

Show
View Real Time Build Order
Export as new Build Order

Clem Terran - Winner!

Build Orders:  

Get SALT Encoding   

  12  0:00  SCV  
  13  0:12  SCV  
  14  0:17  Supply Depot  
  14  0:24  SCV  
  15  0:38  SCV  
  15  0:40  Barracks  
  16  0:43  Refinery  
  16  0:50  SCV  
  16  0:52  Refinery  
  17  1:03  SCV  
  18  1:16  SCV  
  19  1:27  Reaper  
  19  1:28  Supply Depot  
  20  1:34  Orbital Command  
  20  1:40  Factory  
  20  2:00  SCV  
  21  2:02  Reaper  
  22  2:12  SCV  
  23  2:21  Command Center  
  23  2:24  Hellion, SCV  
  26  2:34  Barracks Reactor  
  26  2:36  SCV  
  27  2:40  Starport  
  27  2:43  Supply Depot  
  27  2:47  Widow Mine  
  27  2:50  SCV  
  30  3:02  SCV  
  31  3:10  Factory Tech Lab  
  29  3:15  SCV  
  29  3:17  Medivac  
  29  3:19  Marine x2  
  34  3:27  SCV  
  34  3:33  Orbital Command  
  35  3:37  Marine x2  
  35  3:40  SCV  
  38  3:42  Refinery  
  38  3:50  Cyclone  
  38  3:53  Starport Tech Lab  
  38  3:54  SCV  
  42  3:59  SCV  
  42  4:02  Supply Depot  
  43  4:06  Marine x2  
  43  4:07  SCV  
  46  4:11  SCV  
  46  4:14  Raven  
  49  4:19  SCV  
  49  4:24  SCV  
  51  4:30  Siege Tank  
  51  4:31  SCV  
  51  4:33  Supply Depot  
  51  4:35  Marine  
  51  4:36  Marine  
  51  4:38  SCV  
  55  4:44  SCV  
  56  4:50  SCV  
  56  4:52  Command Center  
  57  4:56  SCV  
  58  5:00  Raven  
  58  5:02  SCV  
  58  5:04  Supply Depot  
  61  5:08  SCV  
  61  5:10  Siege Tank  
  65  5:14  SCV  
  65  5:21  SCV  
  67  5:22  Barracks  
  67  5:24  Barracks  
  67  5:26  SCV  
  68  5:30  Supply Depot  
  68  5:31  Refinery  
  68  5:33  SCV  
  69  5:38  SCV  
  69  5:40  Supply Depot  
  70  5:43  Siege Tank  
  70  5:46  SCV  
  74  5:50  SCV  
  74  5:54  Marine  
  74  5:56  Viking x2  
  80  5:58  SCV  
  80  6:01  Stimpack  
  80  6:04  SCV  
  82  6:11  Barracks Reactor  
  82  6:12  Barracks Reactor  
  82  6:16  Engineering Bay  
  82  6:17  Siege Tank, Engineering Bay  
  85  6:19  SCV  
  85  6:20  SCV  
  87  6:25  Marine  
  87  6:28  Orbital Command  
  87  6:31  SCV  
  88  6:34  Supply Depot, Viking  
  88  6:36  SCV  
  91  6:40  Viking  
  91  6:43  SCV  
  94  6:48  SCV, Terran Infantry Weapons Level 1, Marine  
  94  6:49  Supply Depot  
  94  6:51  Marine x2  
  94  6:52  Marine x2  
  100  6:54  SCV  
  100  6:55  SCV  
  100  6:58  Siege Tank  
  100  7:00  SCV  
  105  7:06  Marine  
  105  7:07  Supply Depot  
  106  7:08  Marine  
  106  7:09  Marine  
  106  7:10  Viking  
  106  7:14  Viking  
  112  7:17  SCV x2, Terran Infantry Armor Level 1  
  112  7:18  Marine  
  113  7:25  Marine  
  113  7:26  SCV  
  113  7:28  Marine  
  113  7:29  Marine  
  105  7:30  SCV, Siege Tank  
  105  7:32  Marine  
  104  7:39  Factory  
  104  7:40  SCV, Barracks  
  104  7:41  SCV  
  104  7:42  Barracks  
  106  7:45  Refinery, Marine  
  106  7:46  Refinery, Marine  
  106  7:50  Combat Shield  
  106  7:51  Marine  
  109  7:54  Marine x2  
  109  7:55  SCV  
  112  7:59  Liberator  
  112  8:02  Marine  
  112  8:03  Supply Depot  
  112  8:04  Marine  
  117  8:08  Marine  
  117  8:12  Missile Turret, SCV x2  
  120  8:15  Missile Turret  
  120  8:17  Supply Depot  
  120  8:19  SCV  
  121  8:23  Siege Tank  
  121  8:26  Factory Tech Lab  
  121  8:27  Supply Depot  
  121  8:29  Supply Depot  
  121  8:31  Armory  
  121  8:32  Barracks Reactor  
  121  8:33  Barracks Reactor  
  121  8:36  SCV x2  
  121  8:37  Marine  
  110  8:49  Marine  
  110  8:50  Marine, Orbital Command  
  110  8:51  Siege Tank  
  110  8:52  Marine x2  
  110  8:53  SCV x2  
  110  8:55  Marine  
  116  9:02  Orbital Command  
  116  9:05  SCV  
  116  9:07  Marine  
  116  9:08  Marine  
  116  9:09  Siege Tank, Marine  
  115  9:10  SCV  
  115  9:12  Marine x2  
  115  9:16  Sensor Tower  
  114  9:17  SCV  
  114  9:22  SCV  
  116  9:24  Marine x2  
  116  9:25  Marine  
  116  9:27  Siege Tank  
  116  9:29  SCV  
  116  9:30  Refinery  
  120  9:34  Terran Infantry Weapons Level 2, Terran Infantry Armor Level 2  
  120  9:45  Command Center  
  120  9:48  Siege Tank  
  123  9:54  Terran Vehicle Weapons Level 1  
  123  9:55  SCV x3  
  123  9:57  Viking  
  123  9:59  Supply Depot  
  128  10:00  Marine  
  128  10:01  Marine  
  128  10:02  Viking, Marine  
  128  10:04  Marine  
  128  10:05  Marine x2  
  134  10:08  Marine x2  
  134  10:09  Marine  
  134  10:10  Supply Depot  
  136  10:15  Siege Tank  
  136  10:18  Missile Turret, Marine  
  140  10:21  Siege Tank, Marine  
  140  10:22  Supply Depot  
  140  10:23  Marine x2  
  146  10:34  Marine  
  146  10:35  Viking, Marine x3  
  150  10:37  Supply Depot  
  150  10:38  Marine x2  
  150  10:39  Marine  
  155  10:47  Siege Tank  
  155  10:48  Missile Turret  
  155  10:49  Missile Turret, Sensor Tower  
  156  10:51  Marine  
  156  10:53  Marine x2  
  156  10:56  Missile Turret, Refinery, Siege Tank  
  162  10:59  Refinery  
  162  11:02  SCV x2  
  164  11:04  SCV  
  164  11:08  Liberator  
  168  11:11  Viking  
  168  11:13  Sensor Tower  
  168  11:18  Marine  
  170  11:19  Siege Tank  
  170  11:23  SCV x2  
  170  11:25  Planetary Fortress  
  176  11:26  SCV  
  176  11:27  Marine  
  176  11:28  Marine  
  179  11:33  Siege Tank  
  179  11:35  Marine  
  179  11:37  SCV  
  179  11:38  Marine  
  184  11:43  Command Center  
  184  11:50  Medivac  
  184  11:51  Siege Tank  
  189  11:58  Command Center  
  165  12:10  Marine x4  
  165  12:12  Siege Tank, Marine x2  
  167  12:16  Marine x3  
  167  12:18  Viking  
  167  12:20  Terran Infantry Weapons Level 3  
  167  12:22  SCV x2  
  174  12:23  Siege Tank, Terran Infantry Armor Level 3  
  174  12:27  SCV  
  174  12:28  Marine x2  
  176  12:33  Command Center  
  176  12:34  Missile Turret  
  176  12:35  Terran Vehicle Weapons Level 2  
  176  12:42  Viking  
  176  12:43  Marine x3  
  176  12:44  Marine  
  182  12:51  Starport x2  
  182  12:54  SCV  
  183  12:58  Orbital Command  
  183  13:03  Command Center  
  183  13:04  Viking  
  185  13:12  Viking  
  187  13:18  Siege Tank, Marine x2  
  180  13:24  Marine x4  
  180  13:25  Siege Tank  
  187  13:30  Starport Tech Lab  
  187  13:31  Starport Tech Lab  
  186  13:35  Command Center  
  173  13:48  Marine x3  
  173  13:49  Viking, Marine x2  
  173  13:50  Siege Tank, Viking  
  173  13:55  Command Center  
  177  13:57  Siege Tank  
  177  14:01  Refinery  
  177  14:02  Marine x2  
  182  14:04  Missile Turret, Refinery  
  182  14:07  Marine x2  
  184  14:10  Marine  
  184  14:13  Marine x4  
  189  14:19  Planetary Fortress  
  189  14:20  Marine x2  
  189  14:22  Siege Tank  
  166  14:25  Marine x2  
  166  14:27  Marine  
  166  14:29  Siege Tank  
  166  14:31  Viking, Marine x4  
  163  14:36  Raven x2  
  168  14:42  Corvid Reactor, Viking  
  168  14:44  Marine  
  170  14:47  Marine  
  170  14:49  Marine  
  172  14:54  Siege Tank  
  172  14:57  Marine x2  
  175  15:00  Marine x2  
  175  15:01  Siege Tank  
  175  15:02  Marine x2  
  182  15:08  Orbital Command  
  182  15:09  Marine  
  182  15:10  Marine  
  182  15:12  Viking  
  182  15:14  Marine  
  173  15:21  Raven x2  
  173  15:24  Viking  
  173  15:26  Siege Tank  
  173  15:28  Orbital Command  
  182  15:38  Starport  
  182  15:39  Starport  
  182  15:44  Siege Tank  
  185  15:51  Unknown  
  185  15:52  Planetary Fortress  
  185  15:53  Missile Turret  
  185  15:55  Liberator  
  188  16:01  Sensor Tower  
  188  16:02  Missile Turret  
  188  16:03  Siege Tank  
  191  16:16  Siege Tank  
  188  16:18  Raven  
  188  16:20  Marine  
  188  16:24  Raven  
  193  16:32  Starport Tech Lab, Starport Reactor  
  193  16:35  Siege Tank, Starport Reactor  
  193  16:36  Command Center  
  196  16:40  Command Center  
  196  16:44  Armory  
Show
View Real Time Build Order
Export as new Build Order

MarineLorD Terran 

Build Orders: Cyclone Opening 

Get SALT Encoding   

  12  0:00  SCV  
  13  0:12  SCV  
  14  0:16  Supply Depot  
  14  0:24  SCV  
  15  0:38  SCV  
  15  0:40  Barracks  
  16  0:43  Refinery  
  16  0:50  SCV  
  16  0:55  Refinery  
  17  1:02  SCV  
  18  1:14  SCV  
  19  1:27  Reaper, Orbital Command  
  19  1:28  Supply Depot  
  20  1:42  Factory  
  20  1:53  SCV  
  21  1:59  Reaper  
  22  2:05  SCV  
  23  2:17  SCV  
  23  2:19  Command Center  
  24  2:26  Factory Tech Lab  
  24  2:29  SCV  
  25  2:31  Barracks Reactor  
  25  2:38  Supply Depot  
  25  2:41  SCV  
  26  2:44  Cyclone  
  29  2:53  SCV  
  30  3:01  Starport  
  30  3:06  SCV  
  31  3:14  Marine x2  
  31  3:18  Cyclone  
  35  3:20  SCV  
  35  3:30  Orbital Command  
  35  3:32  SCV  
  36  3:34  Refinery  
  36  3:37  Marine x2  
  36  3:40  Starport Tech Lab  
  38  3:44  SCV  
  39  3:50  Widow Mine  
  39  3:54  Marine x2  
  43  3:56  SCV x2  
  43  4:00  Raven  
  47  4:08  SCV  
  47  4:09  Supply Depot, SCV  
  49  4:15  Marine x2  
  49  4:16  Siege Tank  
  54  4:22  SCV  
  54  4:23  SCV  
  52  4:33  Barracks  
  52  4:34  Supply Depot, SCV, Marine x2  
  52  4:36  SCV  
  56  4:44  Raven  
  58  4:46  SCV  
  58  4:48  SCV  
  58  4:51  Supply Depot  
  58  4:52  Marine x2  
  62  4:59  SCV  
  63  5:00  SCV, Siege Tank  
  63  5:06  Supply Depot  
  67  5:11  SCV  
  67  5:13  SCV, Marine x2  
  71  5:14  Supply Depot  
  71  5:23  SCV  
  71  5:25  SCV  
  73  5:30  Marine  
  73  5:31  Stimpack, Marine x2  
  73  5:33  Starport Reactor  
  76  5:36  SCV, Siege Tank  
  76  5:40  Supply Depot  
  76  5:41  Supply Depot  
  80  5:48  Marine  
  80  5:49  Marine x2  
  83  5:58  Command Center  
  83  5:59  Refinery  
  83  6:06  Marine x3  
  83  6:08  Siege Tank  
  83  6:09  Medivac  
  91  6:12  Medivac  
  93  6:19  Supply Depot  
  93  6:23  Marine  
  93  6:24  Marine  
  95  6:29  SCV  
  95  6:30  SCV, Engineering Bay x2, Barracks  
  95  6:41  Medivac  
  95  6:42  Medivac  
  95  6:43  Marine x2  
  95  6:45  SCV  
  102  6:48  Marine  
  102  6:55  Siege Tank  
  102  7:01  Marine x2  
  105  7:02  SCV x2  
  105  7:06  Marine  
  110  7:13  SCV  
  110  7:14  SCV  
  110  7:19  Marine x2  
  108  7:24  SCV  
  108  7:26  Marine  
  101  7:33  Siege Tank  
  101  7:36  Marine x2  
  102  7:39  SCV x2  
  102  7:40  Terran Infantry Weapons Level 1, Terran Infantry Armor Level 1  
  102  7:44  Marine  
  105  7:47  Barracks Reactor, Combat Shield  
  105  7:48  Barracks  
  105  7:50  Barracks  
  106  7:52  SCV x2  
  106  7:54  Marine  
  106  7:55  Marine  
  110  8:01  SCV  
  110  8:02  Marine  
  112  8:08  Siege Tank  
  112  8:12  Medivac x2, Marine  
  118  8:13  Marine  
  118  8:14  SCV x2  
  118  8:15  Orbital Command  
  121  8:26  SCV x2  
  123  8:27  Marine x2  
  123  8:29  Marine  
  126  8:36  Marine  
  126  8:38  SCV x2  
  126  8:41  SCV, Siege Tank  
  132  8:47  Marine  
  133  8:50  Barracks Reactor  
  133  8:52  Supply Depot, Barracks Reactor  
  133  8:55  Supply Depot x2, Armory  
  133  9:06  Marine x2  
  133  9:07  Marine  
  133  9:09  SCV x2, Marine x2  
  132  9:14  Siege Tank  
  132  9:16  Medivac x2  
  123  9:21  SCV  
  123  9:23  Refinery  
  123  9:24  Refinery, Command Center, Marine x2  
  124  9:25  Marine  
  124  9:27  Sensor Tower, Marine x2  
  129  9:31  Marine x3  
  129  9:32  Marine  
  129  9:36  SCV x3  
  136  9:38  Supply Depot  
  136  9:42  Terran Infantry Weapons Level 2, Marine  
  136  9:43  Terran Infantry Armor Level 2, Marine  
  138  9:46  Marine x2  
  138  9:49  Marine  
  138  9:51  Marine  
  143  9:55  SCV x3  
  143  9:58  Marine x2  
  147  10:00  Marine  
  147  10:01  Siege Tank  
  147  10:04  Marine x3  
  151  10:07  SCV  
  151  10:08  Factory, Barracks Reactor, Marine  
  151  10:09  Marine  
  154  10:15  Marine  
  154  10:16  Marine  
  154  10:18  Marine  
  157  10:22  Marine  
  157  10:23  Marine  
  157  10:24  Marine  
  157  10:26  Marine  
  157  10:27  Marine  
  162  10:33  Marine x2  
  153  10:35  Medivac x2, Marine  
  153  10:38  SCV  
  153  10:39  Marine  
  153  10:40  SCV x2  
  153  10:41  Marine x2  
  164  10:44  Marine x2  
  166  10:51  Marine x4  
  166  10:52  Siege Tank  
  166  10:53  Siege Tank, Marine  
  166  10:55  Refinery, Planetary Fortress  
  179  10:57  SCV x2, Refinery, Marine  
  180  11:06  Supply Depot  
  180  11:08  Supply Depot  
  180  11:21  Marine x2  
  180  11:22  Marine x3  
  180  11:28  Marine x5  
  180  11:31  Siege Tank  
  180  11:32  Starport  
  188  11:34  Starport  
  188  11:36  Command Center  
  188  11:38  Medivac x2, Marine  
  193  11:40  Marine  
  193  11:43  Terran Vehicle Weapons Level 1, Marine x2  
  196  11:52  Supply Depot  
  196  11:59  Sensor Tower, Marine x2  
  196  12:01  Marine x2  
  196  12:02  Marine x2  
  196  12:04  Marine x2  
  196  12:05  Marine x2  
  173  12:17  Siege Tank x2, Marine x2  
  173  12:19  Marine x4  
  173  12:22  Starport Tech Lab x2, Marine x2  
  185  12:23  Medivac, Marine  
  185  12:24  Medivac  
  185  12:25  Marine  
  185  12:35  Marine x2  
  187  12:37  Marine x4  
  187  12:38  SCV x2  
  187  12:39  Barracks  
  187  12:41  Barracks  
  187  12:42  Barracks  
  193  12:50  Missile Turret  
  199  12:56  Planetary Fortress  
  199  12:59  Missile Turret  
  199  13:00  Corvid Reactor  
  199  13:02  Raven x2  
  195  13:20  Siege Tank  
  195  13:25  Marine  
  199  13:27  Marine  
  200  13:35  Marine  
  200  13:40  Marine  
  195  13:44  Siege Tank, Marine x2  
  195  13:46  Marine  
  193  13:57  Marine x6  
  193  13:58  Marine x3  
  193  13:59  Marine  
  193  14:02  Siege Tank  
  192  14:03  Raven x2  
  192  14:05  Command Center  
  192  14:08  Command Center  
  192  14:09  Marine x2  
  196  14:11  Command Center  
  196  14:13  SCV x2  
  196  14:15  SCV  
  196  14:16  Marine x3  
  187  14:18  Marine  
  187  14:20  Marine x3  
  187  14:22  Marine  
  151  14:25  Marine x2  
  151  14:26  Marine  
  151  14:28  Marine x2  
  151  14:31  Siege Tank  
  134  14:34  Marine x3  
  134  14:36  Marine  
  134  14:38  Marine x3  
  131  14:39  SCV x2  
  131  14:40  Marine  
  131  14:43  Marine x3  
  140  14:45  Raven, Marine  
  140  14:48  Raven  
  140  14:50  SCV x2  
  147  14:55  Marine  
  147  14:56  Marine x2  
  147  14:57  Marine  
  147  14:58  Marine  
  146  15:01  Marine x4  
  146  15:03  SCV  
  146  15:15  Marine x5  
  146  15:16  Marine x3  
  154  15:24  Orbital Command  
  154  15:25  Orbital Command  
  154  15:28  Raven  
  154  15:33  Sensor Tower  
  156  15:37  Sensor Tower, Raven  
  158  15:45  SCV x2  
  158  15:48  Orbital Command  
  160  16:00  SCV  
  160  16:03  Marine  
  160  16:04  Marine x5  
  162  16:06  Marine x3  
  162  16:09  SCV  
  171  16:12  Marine  
  171  16:18  Raven  
  172  16:20  Raven  
  172  16:23  Marine x2  
  172  16:24  Marine x2  
  174  16:26  Marine x3  
  174  16:29  Marine  
  174  16:32  SCV x3, Refinery  
  181  16:33  SCV  
  181  16:38  SCV  
  181  16:39  SCV  
  184  16:41  SCV  
  184  16:47  SCV x2  

Tags
 
Add a new tag
Caveats
  • Supply blocks, unpowered buildings, or Contaminate may cause inaccurate times.
  • Supply counts are checked every 10 seconds.